 Dungeon Crawl Stone Soup version 0.24-a0-489-g1c7b743a30 (webtiles) character file.

Game seed: 2783035423706785334

4249 KristoblXynda the Carver (level 10, -2/81 HPs)
             Began as a Green Draconian Gladiator on July 11, 2019.
             Was a Follower of Cheibriados.
             Slain by a two-headed ogre
             ... wielding a +0 giant club
              (29 damage)
             ... on level 8 of the Dungeon.
             The game lasted 00:15:08 (7908 turns).

KristoblXynda the Carver (DrGl)                     Turns: 7908, Time: 00:15:09

Health: -2/81      AC: 12    Str: 24    XL:     10   Next: 9%
Magic:  13/13      EV: 17    Int: 14    God:    Cheibriados [*.....]
Gold:   349        SH:  5    Dex: 16    Spells: 9/9 levels left

rFire    . . .     SeeInvis .   a - +1 long sword
rCold    . . .     Gourm    .   e - +0 buckler
rNeg     . . .     Faith    .   (armour unavailable)
rPois    +         Spirit   .   b - +1 hat
rElec    .         Reflect  .   A - +1 cloak {MR+}
rCorr    .         Harm     .   u - +0 pair of gloves
MR       +....                  x - +0 pair of boots
Stlth    ++........             (no amulet)
HPRegen  0.23/turn              n - +4 ring of strength
MPRegen  0.13/turn              (no ring)

@: short of breath, very slow
A: breathe noxious fumes, unfitting armour, poison resistance, cold-blooded, AC
+7
a: Breathe Noxious Fumes, Bend Time, Renounce Religion


You were on level 8 of the Dungeon.
You worshipped Cheibriados.
Cheibriados was aware of your devotion.
You were not hungry.

You visited 2 branches of the dungeon, and saw 9 of its levels.
You also visited: Ossuary.

You collected 349 gold pieces.

Inventory:

Hand Weapons
 a - a +1 long sword (weapon)
Missiles
 c - 4 throwing nets (quivered)
Armour
 b - a +1 hat (worn)
 e - a +0 buckler (worn)
 u - a +0 pair of gloves (worn)
 x - a +0 pair of boots (worn)
 y - the +1 cloak of Starlight {rElec rC+ EV+4 Stlth--}
   (You acquired it on level 7 of the Dungeon)

   It affects your evasion (+4).
   It protects you from cold.
   It insulates you from electricity.
   It makes you much less stealthy.
 A - a +1 cloak of magic resistance (worn)
Jewellery
 j - an uncursed ring of flight {unknown}
 n - a +4 ring of strength (left hand)
 p - an uncursed amulet of rage
Wands
 t - a wand of paralysis (8)
Scrolls
 f - 4 scrolls of remove curse
 g - 4 scrolls of enchant weapon
 k - 4 scrolls of teleportation
 l - 2 scrolls of immolation
 m - a scroll of amnesia
Potions
 h - 4 potions of curing
 i - 5 potions of flight
 o - a potion of brilliance {unknown}
 q - 4 potions of mutation
 r - 4 potions of heal wounds
 v - a potion of might
 C - 2 potions of haste {unknown}
Comestibles
 d - 14 rations


   Skills:
 - Level 5.5 Fighting
 + Level 9.1 Long Blades
 - Level 2.0 Throwing
 + Level 7.1 Dodging
 - Level 0.4 Stealth
 - Level 4.2 Shields
 + Level 4.2 Invocations
 + Level 5.3 Evocations


You had 9 spell levels left.
You didn't know any spells.
Your spell library contained the following spells:

 Spells                   Type           Power        Failure   Level  Hunger
 Beastly Appendage        Tmut           #.....       28%         1    ##.....
 Sticks to Snakes         Tmut           #.......     41%         2    ###....
 Spider Form              Tmut/Pois      #.........   65%         3    ####...
 Ice Form                 Ice/Tmut       #.......     96%         4    #####..
 Blade Hands              Tmut           #.........   100%        5    ######.


Dungeon Overview and Level Annotations

Branches:
Dungeon (8/15)             Temple (1/1) D:7
   Lair: D:8-11

Altars:
Ashenzari
Cheibriados
Dithmenos
Fedhas
Gozag
Hepliaklqana
Kikubaaqudgha
Makhleb
Nemelex Xobeh
Okawaru
Qazlal
Ru
Sif Muna
Trog
Uskayaw
Vehumet
Wu Jian
Yredelemnul
Zin
The Shining One

Shops:
D:6 ?%([   D:7 *

Annotations:
D:6 6 runed translucent doors, melvinkitnick's ghost, novice GrFi


Innate Abilities, Weirdness & Mutations

You can breathe blasts of noxious fumes.
Your lurid green scales are hard. (AC +7)
You cannot fit into any form of body armour.
Your system is resistant to poisons. (rPois)
You are cold-blooded and may be slowed by cold attacks.


Message History

You hit the two-headed ogre but do no damage.
You tail-slap the two-headed ogre.
The two-headed ogre is moderately wounded.
You hit the two-headed ogre.
You tail-slap the two-headed ogre, but do no damage.
The two-headed ogre is heavily wounded.
The two-headed ogre closely misses you. x2
You hit the two-headed ogre.
The two-headed ogre is heavily wounded.
The two-headed ogre misses you.
The two-headed ogre hits you with a +0 giant spiked club!!
You hit the two-headed ogre.
The two-headed ogre is severely wounded.
The two-headed ogre hits you with a +0 giant club!
The two-headed ogre completely misses you.
The two-headed ogre barely misses you.
The two-headed ogre hits you with a +0 giant spiked club.
You see here an arrow.
The two-headed ogre hits you with a +0 giant club!!
You die...

... ... ... #.# ..
#.# ##.## ## ...#..#
##...## #.##
.....).##.....##...#
#..<.(..###'###....
##..###.........#
##....##....##
##.....##@....###
#.......O)).)...#
##....#.#(##....#
######?#.(#..###.#
###.(..........
##.(....#####
#.#.......
####....... #......#


You could see a two-headed ogre.

Vanquished Creatures
  A two-headed ogre (D:8)
  Pikel (D:7)
  A hippogriff (D:6)
  Sigmund (D:6)
  A spriggan (D:7)
  Edmund (D:5)
  Duvessa (D:7)
  An ice beast (D:6)
  An orc warrior (D:6)
  2 sky beasts
  2 phantoms
  7 ogres
  2 centaurs (D:8)
  A bullfrog (D:7)
  2 water moccasin zombies (Ossuary)
  2 scorpions
  A howler monkey (D:4)
  2 crimson imps
  A quasit (D:6)
  2 jellies
  A centaur skeleton (D:7)
  A bullfrog skeleton (D:8)
  A hound (D:8)
  7 orc wizards
  Crazy Yiuf (D:7)
  3 iguanas
  4 worker ants
  A big kobold zombie (Ossuary)
  A hound zombie (D:5)
  2 mummies (Ossuary)
  A worker ant zombie (D:6)
  3 gnolls (D:4)
  6 adders
  A howler monkey skeleton (D:6)
  A shadow imp (D:6)
  An ooze (D:4)
  An adder skeleton (D:5)
  6 adder zombies (Ossuary)
  3 worms (D:2)
  3 dart slugs
  5 leopard geckos
  30 orcs
  5 giant cockroaches
  5 goblins
  8 hobgoblins
  9 jackals
  8 kobolds
  4 quokkas
  A ball python skeleton (D:4)
  6 bats
  4 frilled lizards
  6 gnoll zombies (Ossuary)
  3 hobgoblin zombies (Ossuary)
  A jackal zombie (D:7)
  4 kobold zombies (Ossuary)
  2 leopard gecko skeletons
  An orc zombie (Ossuary)
  8 rats
191 creatures vanquished.

Vanquished Creatures (others)
  A bullfrog (D:7)
  Dowan (D:7)
  A worker ant zombie (D:7)
  An orc (D:7)
  A jackal (D:8)
  A quokka (D:7)
6 creatures vanquished.

Grand Total: 197 creatures vanquished

Notes
Turn   | Place    | Note
-------+----------+-------------------------------------------
     0 | D:1      | KristoblXynda the Draconian Gladiator began the quest for
                  | the Orb.
     0 | D:1      | Reached XP level 1. HP: 17/17 MP: 1/1
   314 | D:1      | Reached XP level 2. HP: 25/25 MP: 2/2
   851 | D:2      | Reached XP level 3. HP: 15/30 MP: 3/3
  1202 | D:2      | Reached skill level 1 in Shields
  1260 | D:2      | Reached XP level 4. HP: 37/37 MP: 4/4
  2223 | D:3      | Reached skill level 4 in Long Blades
  2302 | D:3      | Found a sacrificial altar of Ru.
  2523 | D:3      | Found a deep blue altar of Sif Muna.
  2584 | D:4      | Noticed an ogre
  2590 | D:4      | Killed an ogre
  2590 | D:4      | Reached XP level 5. HP: 45/45 MP: 5/5
  2624 | D:4      | Found a radiant altar of Vehumet.
  2627 | D:4      | Noticed an ogre
  2640 | D:4      | Killed an ogre
  2640 | D:4      | Reached XP level 6. HP: 52/52 MP: 6/6
  2712 | D:4      | Reached skill level 5 in Long Blades
  2779 | D:4      | Your scales start taking on a lurid green colour.
  2779 | D:4      | Reached XP level 7. HP: 22/59 MP: 7/7
  2779 | D:4      | Gained mutation: Your system is resistant to poisons.
                  | (rPois) [Green Draconian growth]
  3155 | D:4      | Found an iron altar of Okawaru.
  3240 | D:4      | HP: 4/90 [gnoll (6)]
  3766 | D:5      | Entered Level 5 of the Dungeon
  3987 | D:5      | Found an iron altar of Okawaru.
  4216 | D:5      | Noticed Edmund
  4273 | D:5      | Killed Edmund
  4273 | D:5      | Reached skill level 5 in Fighting
  4273 | D:5      | Reached skill level 6 in Long Blades
  4513 | D:6      | Found Heydipn's Antique Armour Shoppe.
  4518 | D:6      | Found Agidus's Weapon Emporium.
  4554 | D:6      | Reached XP level 8. HP: 36/68 MP: 8/8
  4622 | D:6      | Reached skill level 5 in Dodging
  4677 | D:6      | Found a sand-covered staircase.
  4704 | Ossuary  | Entered an ossuary
  4986 | Ossuary  | Reached skill level 1 in Evocations
  5291 | D:6      | Found Saar's Magic Scroll Shoppe.
  5316 | D:6      | Reached skill level 7 in Long Blades
  5443 | D:6      | Found Jozewe's Food Emporium.
  5450 | D:6      | Noticed Sigmund
  5465 | D:6      | Killed Sigmund
  5511 | D:6      | Found a runed translucent door.
  5511 | D:6      | Noticed melvinkitnick's ghost (novice GrFi)
  5595 | D:6      | Noticed a hippogriff
  5607 | D:6      | Killed a hippogriff
  5607 | D:6      | Reached XP level 9. HP: 27/74 MP: 11/11
  5899 | D:6      | Reached skill level 8 in Long Blades
  5942 | D:6      | Found a runed translucent gate.
  5943 | D:6      | Found a runed translucent door.
  5943 | D:6      | Found a runed translucent gate.
  5949 | D:6      | Found a runed translucent gate.
  5958 | D:6      | Found a runed translucent door.
  5970 | D:6      | Found the +9 staff of Olgreb {rPois}
  6160 | D:7      | Identified a scroll of acquirement
  6161 | D:7      | Found the +1 cloak of Starlight {rElec rC+ EV+4 Stlth--}
  6241 | D:7      | Found a staircase to the Ecumenical Temple.
  6250 | Temple   | Entered the Ecumenical Temple
  6292 | Temple   | Became a worshipper of Cheibriados the Contemplative
  6443 | D:7      | Noticed Duvessa
  6448 | D:7      | Noticed Dowan
  6449 | D:7      | Noticed Pikel
  6467 | D:7      | Killed Duvessa
  6482 | D:7      | Killed Pikel
  6483 | D:7      | Killed Dowan
  6928 | D:7      | Reached * piety under Cheibriados
  7007 | D:7      | Found a runed translucent door.
  7008 | D:7      | Noticed Crazy Yiuf
  7019 | D:7      | Found Oreosaar's Assorted Antiques.
  7058 | D:7      | Killed Crazy Yiuf
  7564 | D:8      | Noticed a two-headed ogre
  7584 | D:8      | Killed a two-headed ogre
  7584 | D:8      | Reached skill level 9 in Long Blades
  7584 | D:8      | Reached skill level 5 in Evocations
  7584 | D:8      | Reached XP level 10. HP: 29/81 MP: 13/13
  7888 | D:8      | Noticed a two-headed ogre
  7908 | D:8      | Slain by a two-headed ogre

Levels and vault maps discovered:
D:1:      ncdulo_halloftheorcs, layout_loops_cross, serial_forest,
          infiniplex_forest_lined_2, infiniplex_forest_lined_2,
          infiniplex_forest_clump_cross, infiniplex_forest_side_room,
          infiniplex_forest_lined_corner, infiniplex_forest_lined_4_way,
          minmay_tripent
D:2:      layout_loops_ring, minmay_fountain_box, kennysheep_generic_room_5
D:3:      layout_loops_ring, led_sif_pool, first_ration,
          kennysheep_cluttered_room, nicolae_ru_great_annihilating_truth
D:4:      layout_basic, nicolae_overflow_crystal_walls, marbit_many_paths
D:5:      layout_basic, okawaru_trees_1, uniq_edmund
D:6:      minmay_evil_eye, layout_basic, ebering_ghost_inner_flame,
          nicolae_ossuary_entry_ruins, serial_shops, shop, shop, shop,
          kennysheep_mini_moat, chequers_serial_rivers_micro_a,
          minmay_guarded_unrand_staff_of_olgreb, uniq_sigmund
D:7:      layout_basic, minmay_temple_entry_poolview, serial_shops, shop,
          the_bakery, uniq_crazy_yiuf_cottage, uniq_duvessa, uniq_pikel
D:8:      minmay_the_grid_octo_2x2 [minmay_the_grid_octo_clover_2,
          minmay_the_grid_octo_tetromino_candy, minmay_the_grid_octo_focus,
          minmay_the_grid_octo_prize_star], layout_cave_pools, serial_shops,
          shop, hangedman_minor_gate_pass
Temple:   minmay_crystal_spiral_temple

Skill      XL: |  1  2  3  4  5  6  7  8  9 |
---------------+----------------------------+-----
Throwing       | 2 |  2.0
Dodging        | 3 4 5 7 |  7.1
Shields        | 1 2 4 |  4.2
Fighting       | 3 4 5 |  5.5
Long Blades    | 4 5 6 7 9 |  9.1
Evocations     | 2 5 |  5.3
Invocations    | 4 |  4.2
Stealth        | |  0.4

Action                   |  1- 3 |  4- 6 |  7- 9 | 10-12 || total
-------------------------+-------+-------+-------+-------++-------
Melee: Long sword        |    86 |   109 |   478 |    24 ||   697
       Tailslap          |    12 |    14 |    77 |     6 ||   109
 Abil: Evoke Berserk Rag |       |     3 |     1 |       ||     4
       Breathe Noxious F |       |       |    12 |     1 ||    13
Evoke: Wand              |       |       |     2 |       ||     2
  Use: Scroll            |     1 |     6 |    13 |       ||    20
       Potion            |     1 |       |     5 |       ||     6
 Stab: Paralysed         |       |     1 |     7 |       ||     8
       Confused          |       |       |     8 |       ||     8
       Sleeping          |       |       |     1 |       ||     1
  Eat: Chunk             |     1 |     7 |     9 |     1 ||    18
       Ration            |       |       |     3 |       ||     3
Armor: Skin              |    25 |    48 |   143 |     4 ||   220
Dodge: Dodged            |    58 |    85 |   260 |    25 ||   428
Block: Buckler           |     4 |    27 |    86 |     5 ||   122
       Rpst.: Long sword |    20 |    25 |    88 |     4 ||   137

Table legend:
 A = Non-vault XP
 B = Vault XP
 C = Vault XP percentage of total XP
 D = Non-vault monster count
 E = Vault monster count
 F = Vault count percentage of total count
                 A         B        C        D         E       F
            +---------+---------+-------+---------+---------+-------
      Total |    3069 |    3001 |  49.4 |     144 |      48 |  25.0
            +---------+---------+-------+---------+---------+-------
        D:1 |      30 |       6 |  16.7 |      18 |       2 |  10.0
        D:2 |      85 |       2 |   2.3 |      21 |       2 |   8.7
        D:3 |      39 |       7 |  15.2 |      12 |       4 |  25.0
        D:4 |     922 |      33 |   3.5 |      30 |       1 |   3.2
        D:5 |      37 |     164 |  81.6 |       6 |       1 |  14.3
        D:6 |     983 |     503 |  33.8 |      24 |       4 |  14.3
        D:7 |     633 |    1052 |  62.4 |      26 |       5 |  16.1
        D:8 |     340 |     970 |  74.0 |       7 |       4 |  36.4
    Ossuary |       0 |     264 | 100.0 |       0 |      25 | 100.0
            +---------+---------+-------+---------+---------+-------
